Unix NetHack Version 5.0.0-0 post-release - last build May 31 2026 23:59:36 (970b52f25bf058293b47ddfd14a1e40e571c508c,branch:main).

Game began 2026-06-09 10:13:43, ended 2026-06-09 10:29:37.

LDaviesPeters, neutral female human Archeologist

      ----------------
      |..............-###########------
      |..............|          #|....|                          ------------
      |..............|          #|[...%#                        #%........`.|
      |..............-#         #.....|#     ####################|..........|
      ----.-----------#         #------#        #-------.---    #|..........|
          ##          #         #######`#########|.(.......|   ##|..........|
           #         ##         #      #       ##|.........| ### |..........|
           #         #          ##     #       # |.........| #   ------------
    -------.--       #           #    ###    ### --|-------- #
    |........|       #           #    #-+--- #     ###       #
    |......).|       #           #    #+.<..##       #####   #
    |........|       #           #     |...|          ---.---#
    |......@.|       #         # #     |...|          |.....|#
    |.....>@.|       #---------|-#     |...|          |......#
    |........|       #|..........#     -----          |.....|
    ----------       #|.........|                     -------
                     #..........|
                      -----------

LDaviesPeters the Field Worker  St:13 Dx:7 Co:12 In:15 Wi:18 Ch:11  Neutral
Dlvl:4  $:3  HP:0(29) Pw:25(25) AC:9  Xp:4 T:1890 

Latest messages:
 The manes hits!
 The manes hits again!
 The manes bites!
 You miss the manes.
 The manes hits!
 The manes hits again!
 The manes bites!
 You miss the manes.
 You destroy the manes!
 You kill the bat!
 You climb up the stairs.
 You stop waiting.
 What do you want to zap? [M or ?*] ?
 What do you want to zap? [M or ?*] <space>
 Never mind.
 What do you want to throw? [$kGK or ?*] ?
 In what direction? 8
 The dart hits the wererat.
 What do you want to throw? [$kGK or ?*] G
 In what direction? 8
 The dart misses the wererat.
 What do you want to throw? [$kGK or ?*] G
 In what direction? 8
 The dart hits the wererat.
 You miss the wererat.
 The wererat hits!
 You lash the wererat.
 The wererat changes into a rat.
 The wererat bites!
 You lash the wererat.
 The wererat bites!
 You miss the wererat.
 The wererat bites!
 You feel more confident in your weapon skills.
 (Tip: use the #enhance command to advance them.)
 You lash the wererat.
 The wererat bites!
 You feel feverish.
 You are now more skilled in whip.
 You miss the wererat.
 The wererat bites!
 You miss the wererat.
 The wererat bites!
 You lash the wererat.
 The wererat changes into a human.
 The wererat hits!
 You lash the wererat.
 The wererat hits!
 You die...
 Do you want your possessions identified? [ynq] (y) q

Inventory:
 Coins    ('$')
  $ - 3 gold pieces
 Amulets  ('"')
  N - an uncursed amulet of life saving
 Weapons  (')')
  G - 8 +0 darts
  K - a +0 dagger
  k - a +0 orcish dagger
  a - a +2 bullwhip (weapon in right hand)
 Armor    ('[')
  c - an uncursed +0 fedora (being worn)
  h - an uncursed +0 leather jacket (being worn)
 Comestibles  ('%')
  j - 2 uncursed carrots
  B - 2 uncursed cream pies
  d - 5 uncursed food rations
 Scrolls  ('?')
  I - a blessed scroll of teleportation
 Rings    ('=')
  E - an uncursed ring of polymorph control
  m - an uncursed ring of teleportation
 Wands    ('/')
  M - a wand of teleportation (0:7)
 Tools    ('(')
  b - an uncursed sack containing 8 items
  i - a magic marker (0:20)
  f - a tinning kit (0:88)
 Gems/Stones  ('*')
  g - an uncursed touchstone

Contents of the sack:
  48 gold pieces
  a blessed scroll of destroy armor
  an uncursed scroll of destroy armor
  a cursed scroll of remove curse
  an uncursed potion of paralysis
  an uncursed potion of see invisible
  a cursed potion of healing
  a +0 pick-axe

LDaviesPeters the Archeologist's attributes:

Background:
 You were a Field Worker, a level 4 female human Archeologist.
 You were neutral, nominally on a mission for Camaxtli
 who was opposed by Quetzalcoatl (lawful) and Huhetotl (chaotic).
 You were right-handed.
 You were in the Dungeons of Doom, on level 4.
 You entered the dungeon 1890 turns ago.
 You had 137 experience points, 23 more were needed to attain level 5.

Basics:
 You had 0 out of 29 hit points.
 You had all 25 energy points (spell power).
 Your armor class was 9.
 Your wallet contained 3 zorkmids, and
 you had 48 more stashed away in your pack.
 Autopickup was off.

Final Characteristics:
 Your strength was 13 (limit:18/100).
 Your dexterity was 7 (limit:18).
 Your constitution was 12 (limit:18).
 Your intelligence was 15 (limit:18).
 Your wisdom was 18 (limit:18).
 Your charisma was 11 (limit:18).

Final Status:
 You weren't hungry.
 You were unencumbered.
 You were wielding a whip.
 You were skilled in whip.

Final Attributes:
 You were devoutly aligned.
 You were level-drain resistant.
 You had automatic searching.
 You were a wererat.
 You were harmed by silver.
 You were lucky.
 You are dead.

Miscellaneous:
 You didn't encounter any bones levels.
 Total elapsed playing time was 15 minutes and 54 seconds.

Major events:
 Turn
    1: LDaviesPeters the neutral female human Archeologist entered the dungeon
  154: entered the Gnomish Mines
  634: stole 55 zorkmids worth of merchandise from Kalecik's used armor dealership
  682: attained the rank of Field Worker (level 3)
 1890: killed by a wererat

You didn't know any spells.

Skills:
 Fighting Skills
   bare handed combat [Unskilled]
   two weapon combat  [Unskilled]
   riding             [Unskilled]
 Weapon Skills
   dagger             [Unskilled]
   knife              [Unskilled]
   pick-axe           [Basic]
   short sword        [Unskilled]
   saber              [Unskilled]
   club               [Unskilled]
   quarterstaff       [Unskilled]
   sling              [Unskilled]
   dart               [Unskilled]
   boomerang          [Unskilled]
   whip               [Skilled]
   unicorn horn       [Unskilled]
 Spellcasting Skills
   attack spells      [Unskilled]
   healing spells     [Unskilled]
   divination spells  [Unskilled]
   matter spells      [Unskilled]

Voluntary challenges:
 Character rerolling was not enabled.
 You were an atheist.
 You never genocided any monsters.
 You never polymorphed an object.
 You never changed form.
 You used no wishes.
Achievements:
 You entered the Gnomish Mines.
 You entered a shop.
 You attained the rank of Field Worker.

 The Dungeons of Doom: levels 1 to 5
    Level 1:
       A fountain.
    Level 2:
       An armor shop, a fountain.
       Stairs down to The Gnomish Mines.
    Level 3:
       A fountain.
    Level 4: <- You were here.
       Final resting place for
          you, killed by a wererat.
    Level 5:
 The Gnomish Mines:
    Level 3:


Vanquished creatures:
  a homunculus
  a Kop Sergeant
  a wererat
  a werejackal
 an iguana
  2 hobbits
  4 manes
  a yellow mold
  2 Keystone Kops
  5 garter snakes
  a gnome zombie
  7 jackals
  a kobold
  2 goblins
  a sewer rat
  a bat
  4 lichens
  a kobold zombie
  5 newts
42 creatures vanquished.

No species were genocided or became extinct.

Game over:
                       ----------
                      /          \
                     /    REST    \
                    /      IN      \
                   /     PEACE      \
                  /                  \
                  |  LDaviesPeters   |
                  |      51 Au       |
                  |   killed by a    |
                  |     wererat      |
                  |                  |
                  |                  |
                  |       2026       |
                 *|     *  *  *      | *
        _________)/\\_//(\/(/\)/\//\/|_)_______

Goodbye LDaviesPeters the Archeologist...

You died in The Dungeons of Doom on dungeon level 4 with 794 points,
and 51 pieces of gold, after 1890 moves.
You were level 4 with a maximum of 29 hit points when you died.

